 Dungeon Crawl Stone Soup version 0.28-a0-850-g09de17f5b5 (webtiles) character file.

Game seed: 100411388504428722

65 Crownlay the Digger (level 4, -6/24 HPs)
             Began as a Gargoyle Earth Elementalist on Nov 13, 2021.
             Killed from afar by Sigmund (8 damage)
             ... with a puff of flame
             ... on level 2 of the Dungeon.
             The game lasted 00:01:59 (2385 turns).

Crownlay the Digger (Gargoyle Earth Elementalist)   Turns: 2385, Time: 00:02:00

Health: -6/24      AC:  6    Str: 11    XL:     4   Next: 14%
Magic:  6/9        EV: 11    Int: 17    God:
Gold:   30         SH:  0    Dex: 10    Spells: 5/9 levels left

rFire   . . .      SeeInvis .   j - +0 long sword (protect)
rCold   . . .      Faith    .   (no shield)
rNeg    + . .      Spirit   .   b - +0 robe
rPois   ∞          Reflect  .   i - +0 helmet
rElec   +          Harm     .   (no cloak)
rCorr   .          Rampage  .   (no gloves)
Will    .....                   (no boots)
Stlth   ++........              (no amulet)
HPRegen 0.08/turn               (no ring)
MPRegen 0.11/turn               (no ring)

@: very slightly contaminated
A: sickness immunity, AC +3, negative energy resistance 1, electricity
resistance, torment resistance 1, petrification resistance
a: no special abilities


You were on level 2 of the Dungeon.
You visited 1 branch of the dungeon, and saw 2 of its levels.

You collected 30 gold pieces.

Inventory:

Hand Weapons
 j - a +0 long sword of protection (weapon)
Missiles
 c - 88 stones
Armour
 b - a +0 robe (worn)
 i - a +0 helmet (worn)
Scrolls
 a - 3 scrolls of identify {unknown}
 d - 2 scrolls of immolation {unknown}
 e - a scroll of holy word {unknown}
 h - a scroll of teleportation {unknown}
Potions
 f - a potion of might {unknown}
 g - a potion of curing {unknown}
 k - a potion of attraction {unknown}
 l - 2 potions of heal wounds {unknown}


   Skills:
 - Level 1.5 Dodging
 - Level 2.1 Stealth
 * Level 3.4 Spellcasting
 - Level 0.7 Transmutations
 + Level 4.4 Earth Magic


You had 5 spell levels left.
You knew the following spells:

 Your Spells              Type           Power      Damage    Failure   Level
a - Sandblast             Erth           36%        2d10      2%          1
b - Stone Arrow           Conj/Erth      20%        3d8       21%         3

Your spell library contained the following spells:

 Spells                   Type           Power      Damage    Failure   Level
 Passwall                 Tmut/Erth      9%         N/A       9%          2
 Corpse Rot               Necr/Air       4%         N/A       26%         2
 Poisonous Vapours        Pois/Air       4%         N/A       26%         2
 Petrify                  Tmut/Erth      11%        N/A       50%         4


Dungeon Overview and Level Annotations

Branches:
Dungeon (2/15)

Altars:

Shops:
D:2 =

Annotations:
D:2 Sigmund


Innate Abilities, Weirdness & Mutations

You are immune to sickness and miasma.
Your stone body is resilient. (AC +3)
You are immune to poison.
You resist negative energy. (rN+)
You are resistant to electric shocks. (rElec)
You are resistant to unholy torment.
You are immune to petrification.


Message History

Found a scroll labelled LORROLL BUFUPH.
Sigmund the Dreaded comes into view.
He is wielding a +0 scythe.
Found 2 silvery potions and a scroll labelled FABLEGI OPAEN.
Sigmund shouts!
The kobold shouts!
The kobold throws a stone.
The stone hits you but does no damage.
Sigmund hits you from afar with a +0 scythe!
Ouch! That really hurt!
You are too injured to fight recklessly!
You are too injured to fight recklessly!
You are too injured to fight recklessly!
You are too injured to fight recklessly!
You are too injured to fight recklessly!
Casting: Sandblast (safe; 2% risk of failure)
Confirm with . or Enter, or press ? or * to list all spells.
Aiming: Sandblast (safe; 2% risk of failure)
Press: ? - help, Shift-Dir - straight line, f - Sigmund
Aim: Sigmund, wielding a +0 scythe and wearing a +0 robe (77% to hit)
The blast of sand hits Sigmund!
Sigmund is heavily wounded.
Sigmund hits you from afar with a +0 scythe!
* * * LOW HITPOINT WARNING * * *
Casting: Sandblast (safe; 2% risk of failure)
Confirm with . or Enter, or press ? or * to list all spells.
Aiming: Sandblast (safe; 2% risk of failure)
Press: ? - help, Shift-Dir - straight line, f/p - Sigmund
Aim: Sigmund, wielding a +0 scythe and wearing a +0 robe (heavily wounded, 77% to hit)
You miscast Sandblast.
You are very lightly contaminated with residual magic.
Nothing appears to happen.
The kobold barely misses you.
The kobold throws a stone.
The stone barely misses you.
Casting: Sandblast (safe; 2% risk of failure)
Confirm with . or Enter, or press ? or * to list all spells.
Aiming: Sandblast (safe; 2% risk of failure)
Press: ? - help, Shift-Dir - straight line, f/p - Sigmund
Aim: Sigmund, wielding a +0 scythe and wearing a +0 robe (heavily wounded, 77% to hit)
The blast of sand hits the kobold.
You kill the kobold!
Sigmund gestures at you while chanting. The puff of flame hits you!
You die...

..........†..#
###
##.####....#.#
#.. #....#.#
##. #....#.#
.. #......# #.
#.####.# ..#.#
#.##### #.#
#.....#
#####@# #.#
#)# #.....@#
.........
!#......#.
#?.....#..
#......# ..
.?....... ...


You could see Sigmund.

Vanquished Creatures
  A howler monkey skeleton (D:2)
  2 adders (D:2)
  2 worms (D:2)
  A dart slug (D:2)
  2 endoplasms (D:1)
  A giant cockroach (D:1)
  A goblin (D:2)
  2 hobgoblins
  4 jackals
  2 quokkas
  A ball python (D:1)
  3 bats
  4 frilled lizards
  4 kobolds
  2 rats (D:1)
32 creatures vanquished.

Notes
Turn   | Place    | Note
-------+----------+-------------------------------------------
     0 | D:1      | Crownlay the Gargoyle Earth Elementalist began the quest
                  | for the Orb.
     0 | D:1      | Reached XP level 1. HP: 10/10 MP: 3/3
   675 | D:1      | Reached XP level 2. HP: 15/15 MP: 5/5
  1433 | D:1      | Reached skill level 4 in Earth Magic
  1739 | D:2      | Reached XP level 3. HP: 17/19 MP: 0/7
  1880 | D:2      | Found Peemidie's Jewellery Emporium.
  2154 | D:2      | Learned a level 3 spell: Stone Arrow
  2223 | D:2      | Reached XP level 4. HP: 24/24 MP: 9/9
  2380 | D:2      | Noticed Sigmund
  2385 | D:2      | Killed from afar by Sigmund

Illustrated notes

Levels and vault maps discovered:
D:1:      lightli_arrival_statuegarden, layout_loops_corners, serial_forest,
          infiniplex_forest_clump_small, infiniplex_forest_lined_corner,
          infiniplex_forest_lined_4_way, infiniplex_forest_straight_2,
          infiniplex_forest_corner_1, infiniplex_forest_end_double
D:2:      layout_basic, hellmonk_ecumenical_altar_lost_god, serial_shops,
          nicolae_shop_behind_doors, grunt_ministairs_9,
          minmay_fractal_squares_gapless_5, uniq_sigmund

Skill      XL: |  1  2  3 |
---------------+----------+-----
Earth Magic    | 4 |  4.4
Spellcasting   | 3 |  3.4
Dodging        | |  1.5
Stealth        | |  2.1
Transmutations | |  0.7

Action                   |  1- 3 |  4- 6 || total
-------------------------+-------+-------++-------
Melee: Unarmed           |    17 |       ||    17
       Dagger            |    43 |       ||    43
       Long sword        |    44 |     9 ||    53
 Cast: Sandblast         |    19 |     2 ||    21
 Stab: Sleeping          |     3 |     1 ||     4
Armor: Robe              |    45 |     4 ||    49
Dodge: Dodged            |    74 |     5 ||    79

Table legend: (Time is in decaauts)
 A = Elapsed time spent in this place.
 B = Non-inter-level travel time spent in this place.
 C = Inter-level travel time spent in this place.
 D = Time resting spent in this place.
 E = Time spent auto-exploring this place.
 F = Levels seen in this place.
 G = Mean time per level.
                   A        B        C        D        E       F      G
               +--------+--------+--------+--------+--------+-----+--------+
         Total |   2404 |   2367 |     37 |     59 |   2002 |   2 | 1202.0 |
       Dungeon |   2404 |   2367 |     37 |     59 |   2002 |   2 | 1202.0 |
               +--------+--------+--------+--------+--------+-----+--------+

Top non-repeatable levels by time:
     D:1: 1720 daAuts
     D:2: 684 daAuts
